 Dungeon Crawl Stone Soup version 0.29.1 (webtiles) character file.

Game seed: 15242359312325076286

4 qw the Shield-Bearer (level 1, 0/14 HPs)
             Began as a Gargoyle Fighter on Sept 13, 2022.
             Frozen to death by an endoplasm (4 damage)
             ... on level 1 of the Dungeon.
             The game lasted 00:00:06 (166 turns).

qw the Shield-Bearer (Gargoyle Fighter)              Turns: 166, Time: 00:00:07

Health: 0/14       AC:  9    Str: 19    XL:     1   Next: 60%
Magic:  1/1        EV:  9    Int:  8    God:
Gold:   17         SH:  4    Dex:  9    Spells: 0/0 levels left

rFire   . . .      SeeInvis .   a - +0 war axe
rCold   . . .      Faith    .   c - +0 buckler
rNeg    + . .      Spirit   .   b - +0 scale mail
rPois   inf        Reflect  .   (no helmet)
rElec   +          Harm     .   (no cloak)
rCorr   .          Rampage  .   (no gloves)
Will    .....                   (no boots)
Stlth   ..........              (no amulet)
HPRegen 0.04/turn               (no ring)
MPRegen 0.07/turn               (no ring)

@: no status effects
A: sickness immunity, AC +2, negative energy resistance 1, electricity
resistance, torment resistance 1, petrification resistance
a: no special abilities


You were on level 1 of the Dungeon.
You visited 1 branch of the dungeon, and saw 1 of its levels.

You collected 17 gold pieces.


Innate Abilities, Weirdness & Mutations

You are immune to sickness and miasma.
Your stone body is resilient. (AC +2)
You are immune to poison.
You resist negative energy. (rN+)
You are resistant to electric shocks. (rElec)
You are resistant to unholy torment.
You are immune to petrification.


   Skills:
 - Level 3.2 Fighting
 + Level 2.1 Axes
 - Level 3.2 Armour
 - Level 3.2 Shields


You couldn't memorise any spells.
You didn't know any spells.
Your spell library was empty.

Inventory:

Hand Weapons
 a - a +0 war axe (weapon)
 e - a +0 club
Armour
 b - a +0 scale mail (worn)
 c - a +0 buckler (worn)
 g - a +0 pair of boots
Jewellery
 f - an amulet of regeneration
Potions
 d - a potion of might

Dungeon Overview and Level Annotations

Branches:
Dungeon (1/15)

Altars:


Message History

The ball python bites you but does no damage.
The ball python constricts you.
You hit the ball python.
You kill the ball python!
You hit the bush. You hit the bush but do no damage. x2
You start resting.
HP restored.
You see here a ball python corpse.
An endoplasm comes into view.
The endoplasm quivers.
The endoplasm hits the bush but does no damage.
The endoplasm hits the bush but does no damage.
The endoplasm hits the bush but does no damage.
The endoplasm hits the bush.
The endoplasm hits the bush but does no damage.
The endoplasm hits the bush but does no damage.
The endoplasm hits the bush but does no damage.
The endoplasm hits the bush but does no damage.
The endoplasm hits the bush but does no damage.
The endoplasm hits the bush but does no damage.
The endoplasm hits the bush but does no damage.
The endoplasm hits the bush but does no damage.
The endoplasm hits the bush.
The endoplasm hits something but does no damage.
A quokka comes into view.
Found 2 gold pieces.
The endoplasm barely misses you.
You barely miss the endoplasm. You hit the bush but do no damage. x2
You hit the bush.
The endoplasm hits you but does no damage.
You barely miss the endoplasm. You hit the bush but do no damage. x3
The endoplasm hits you but does no damage. x2
You hit the endoplasm but do no damage. You hit the bush but do no damage. x3
The endoplasm freezes you.
You are frozen.
The quokka barely misses you.
You miss the quokka. You hit the endoplasm.
You hit the bush but do no damage. x3
The endoplasm freezes you.
You are frozen.
The quokka barely misses you. The endoplasm freezes you.
You are frozen.
You die...

#######################
......r................
#.....J@#.###..........
#.....PPP.PPPPPPP......
..!...P(......P.P......
......PPPPPPP%P.P......
$.....P...P.....P......
#.... P.P.P.PPP.P......
#.....P.P.P.P...P.###.#
###.##


#PPP.PPP.PPP.# ....####P.........P.# You could see an endoplasm and a quokka.

Vanquished Creatures
  2 hobgoblins (D:1)
  A ball python (D:1)
  A kobold (D:1)
4 creatures vanquished.

Notes
Turn   | Place    | Note
-------+----------+-------------------------------------------
     0 | D:1      | qw the Gargoyle Fighter began the quest for the Orb.
     0 | D:1      | Reached XP level 1. HP: 14/14 MP: 1/1
     0 | D:1      | 0 ||| qw: Version: 0.1-a-119-g272c26d
     0 | D:1      | 0 ||| qw: Game counter: 11258
     0 | D:1      | 0 ||| qw: Always use a shield: true
     0 | D:1      | 0 ||| qw: God list: Okawaru
     0 | D:1      | 0 ||| qw: Allow faded altars: false
     0 | D:1      | 0 ||| qw: Do Orc after D:15 true
     0 | D:1      | 0 ||| qw: Do second Lair branch before Depths: true
     0 | D:1      | 0 ||| qw: Lair rune preference: random
     0 | D:1      | 0 ||| qw: Plans: Normal, Zot, God:TSO, Crypt, Tomb, Pan,
                  | Slime, Hells, Zig, Abyss, Orb
     0 | D:1      | 0 ||| PLANNING D:1-11
    36 | D:1      | 36 ||| Stepping ~*~*~tactically~*~*~ (stealth).
   166 | D:1      | Frozen to death by an endoplasm

Levels and vault maps discovered:
D:1:      minmay_arrival_hallway, layout_basic, grunt_decor_junction,
          minmay_hedge_maze, minmay_cupped

Skill      XL: |  1 |
---------------+----+-----
Axes           | 2 |  2.1
Fighting       | |  3.2
Armour         | |  3.2
Shields        | |  3.2

Action                   || total
-------------------------++-------
Melee: War axe           ||    17
Armor: Scale mail        ||    10
Dodge: Dodged            ||     7
Block: Buckler           ||     5

Table legend:
 A = Non-vault XP
 B = Vault XP
 C = Vault XP percentage of total XP
 D = Non-vault monster count
 E = Vault monster count
 F = Vault count percentage of total count
                 A         B        C        D         E       F
            +---------+---------+-------+---------+---------+-------
      Total |       6 |       0 |   0.0 |       4 |       0 |   0.0
            +---------+---------+-------+---------+---------+-------
        D:1 |       6 |       0 |   0.0 |       4 |       0 |   0.0
            +---------+---------+-------+---------+---------+-------
